 Dungeon Crawl Stone Soup version 0.30.1-3-gfc49f6343a (webtiles) character file.

Game seed: 9462662079140160914

66896 Peloso the Tortoise (level 14, -12/130 (136) HPs)
             Began as a Minotaur Fighter on July 22, 2023.
             Was a High Priest of Okawaru.
             Killed from afar by an eidolon (15 damage)
             ... with a bolt of negative energy
             ... on level 2 of the Abyss.
             The game lasted 00:58:23 (19623 turns).

Peloso the Tortoise (Minotaur Fighter)             Turns: 19623, Time: 00:58:23

HP:   -12/130 (136) AC: 20    Str: 25    XL:     14   Next: 80%
MP:   15/15         EV: 11    Int:  5    God:    Okawaru [*****.]
Gold: 1667          SH:  7    Dex: 11    Spells: 13/13 levels left

rFire   + + .        a - +3 scimitar (flame)
rCold   + . .        d - +0 buckler
rNeg    + . .        n - +1 chain mail {rF+}
rPois   +            (helmet restricted)
rElec   .            C - +0 cloak
rCorr   .            H - +2 pair of gloves of Nobility {rC+ rN+}
SInv    .            (no boots)
Will    +....        l - amulet of regeneration Stlth
                     q - ring of poison resistance
HPRegen 1.21/turn    w - ring of protection from fire
MPRegen 0.14/turn

%: no passive effects
@: afraid, lightly drained
A: horns 2, retaliatory headbutt
a: Renounce Religion, Heroism, Finesse, Duel


You were on level 2 of the Abyss.
You worshipped Okawaru.
Okawaru was extremely pleased with you.
You visited 4 branches of the dungeon, and saw 22 of its levels.
You visited the Abyss 1 time.

You collected 1667 gold pieces.

Inventory:

Hand Weapons
 a - a +3 scimitar of flaming (weapon)
 b - a +2 long sword of electrocution
 c - a +2 heavy long sword
 r - a +0 demon blade of venom
Missiles
 J - a throwing net (quivered)
Armour
 d - a +0 buckler (worn)
 n - a +1 chain mail of fire resistance (worn)
 A - the +3 chain mail of the Boiling Point {rPois rN+ MP+9}
   (You found it on level 13 of the Dungeon)

   rPois:     It protects you from poison.
   rN:        It protects you from negative energy.
   MP:        It affects your magic capacity (+9).
 C - a +0 cloak (worn)
 E - a +2 plate armour of cold resistance
 H - the +2 pair of gloves of Nobility (worn) {rC+ rN+}
   (Okawaru gifted it to you on level 14 of the Dungeon)

   rC:        It protects you from cold.
   rN:        It protects you from negative energy.
Jewellery
 h - an amulet of faith
 l - an amulet of regeneration (around neck)
 o - a ring of protection from cold
 q - a ring of poison resistance (left hand)
 u - a ring of ice
 w - a ring of protection from fire (right hand)
 x - a ring of positive energy
 L - an amulet of the acrobat
 N - a ring of flight
 U - a +6 ring of dexterity
 V - a +5 ring of evasion
 Y - a ring of willpower
Wands
 v - a wand of light (6)
 y - a wand of flame (13)
 F - a wand of iceblast (2)
 S - a wand of paralysis (9)
 W - a wand of digging (9)
Scrolls
 e - 6 scrolls of immolation
 f - 2 scrolls of noise
 i - 2 scrolls of poison
 m - 5 scrolls of enchant armour
 p - 6 scrolls of magic mapping
 B - 3 scrolls of fog
 D - a scroll of silence
 I - a scroll of enchant weapon
 M - 2 scrolls of amnesia {unknown}
 Q - a scroll of blinking
 Z - 6 scrolls of teleportation
Potions
 g - 8 potions of curing
 j - 2 potions of invisibility
 k - 2 potions of ambrosia
 s - 3 potions of cancellation
 t - 2 potions of flight
 z - a potion of magic
 G - 4 potions of heal wounds
 K - 4 potions of might
 O - 3 potions of brilliance
 P - 2 potions of mutation
 R - 2 potions of resistance
Miscellaneous
 T - a phial of floods
 X - a condenser vane


   Skills:
 + Level 15.7 Fighting
 + Level 16.5 Long Blades
 + Level 16.6 Armour
 + Level 6.9 Dodging
 + Level 2.4 Stealth
 + Level 12.8 Shields
 + Level 3.0 Invocations
 + Level 1.2 Evocations


You had 13 spell levels left.
You didn't know any spells.
Your spell library contained the following spells:

 Spells                   Type           Power      Damage    Failure   Level
 Apportation              Tloc           0%         N/A       88%         1
 Foxfire                  Conj/Fire      0%         2x1d4     88%         1
 Kiss of Death            Conj/Necr      0%         2d5       88%         1
 Necrotise                Necr           0%         1d4       88%         1
 Shock                    Conj/Air       0%         1d3       88%         1
 Lesser Beckoning         Tloc           0%         N/A       95%         2
 Confusing Touch          Hex            0%         N/A       99%         3
 Gell's Gravitas          Tloc           0%         N/A       99%         3
 Mephitic Cloud           Conj/Pois/Air  0%         N/A       99%         3
 Teleport Other           Tloc           0%         N/A       99%         3
 Dispel Undead            Necr           0%         3d6       100%        4
 Alistair's Intoxication  Tmut/Pois      0%         N/A       100%        5
 Fireball                 Conj/Fire      0%         3d3       100%        5
 Freezing Cloud           Conj/Ice/Air   0%         6-21      100%        5
 Yara's Violent Unravell  Hex/Tmut       0%         3d3       100%        5
 Plasma Beam              Fire/Air       0%         2x1d11    100%        6
 Starburst                Conj/Fire      0%         6d3       100%        6
 Summon Small Mammal      Summ           Unusable   N/A       N/A         1
 Summon Lightning Spire   Summ/Air       Unusable   N/A       N/A         4

Dungeon Overview and Level Annotations

Branches:
Dungeon (14/15)            Temple (1/1) D:7            Lair (5/5) D:10
 Shoals (0/4) Lair:3       Spider (0/4) Lair:3          Orc (2/2) D:10
    Elf (0/3) Orc:2
  Slime: Lair:4-5    Vaults: D:13-14

Altars:
Ashenzari
Cheibriados
Dithmenos
Elyvilon
Fedhas
Gozag
Hepliaklqana
Kikubaaqudgha
Makhleb
Nemelex Xobeh
Okawaru
Qazlal
Ru
Sif Muna
Trog
Uskayaw
Vehumet
Wu Jian
Xom
Yredelemnul
Zin
The Shining One

Shops:
D:6 ((!   D:8 *   Orc:2 ([(?

Portals:
Trove: D:11 (give 5 potions of resistance)

Annotations:
D:2 1 runed translucent door, Crazy Yiuf
D:6 1 runed translucent door, crompyre's ghost, novice FoFi
D:9 4 runed translucent doors
D:13 Rupert


Innate Abilities, Weirdness & Mutations

You have a pair of horns on your head.
You reflexively headbutt those who attack you in melee.


Message History

The smoke demon gestures at you. Something smites you!
* * * LOW HITPOINT WARNING * * *
Unknown command.
You hit the eidolon but do no damage.
The eidolon is heavily damaged.
You block the eidolon's attack.
The eidolon hits you but does no damage.
The smoke demon gestures at you. The sticky flame misses you.
The sticky flame hits you. You resist.
You are covered in liquid flames!
* * * LOW HITPOINT WARNING * * *
You hit the eidolon but do no damage.
The eidolon is heavily damaged.
You are covered in liquid flames!
The eidolon closely misses you.
The eidolon hits you but does no damage.
Unknown command.
You slash the eidolon! You burn the eidolon.
The eidolon is severely damaged.
You are covered in liquid flames!
The smoke demon gestures at you. Something smites you!
* * * LOW HITPOINT WARNING * * *
Unknown command.
You hit the eidolon but do no damage.
The eidolon is severely damaged.
You are covered in liquid flames!
* * * LOW HITPOINT WARNING * * *
You are no longer on fire.
The eidolon barely misses you. You furiously retaliate!
You headbutt the eidolon. You block the eidolon's attack.
The smoke demon hits you.
* * * LOW HITPOINT WARNING * * *
The smoke demon closely misses you.
The smoke demon hits you but does no damage.
You attempt to attack the eidolon, but flinch away in fear!
The eidolon stares piercingly at you. The bolt of negative energy hits you!
You partially resist.
You feel drained.
You die...

## # .. #.#.
#..#
##.#W####.#
#....@..## .#
#....##3##....#
### ##.. ##..
#....# #.#.#
#...## .#...
.#####.# # #.


You could see an eidolon (scary) and a smoke demon.

Vanquished Creatures
  A tentacled starspawn (Abyss:2)
  2 orc warlords (Orc:2)
  Azrael (D:14)
  4 hydras
  2 two-headed ogres
  A death knight (D:14)
  2 centaur warriors (D:14)
  4 boulder beetles
  3 death yaks (D:10)
  3 tengu warriors
  An orc high priest (Orc:2)
  Sonja (Lair:1)
  2 skysharks (Lair:2)
  11 skeletal warriors
  2 wizards (D:14)
  A deep elf pyromancer (D:9)
  An ugly thing (D:12)
  A wolf spider (Lair:2)
  An orc sorcerer (Orc:2)
  An orc knight (Orc:2)
  2 cyclopes
  5 manticores
  2 centaur zombies (D:13)
  An elephant (Lair:1)
  2 smoke demons (Abyss:2)
  A water nymph (Lair:3)
  3 black mambas
  A guardian serpent (Abyss:2)
  2 gargoyles
  A torpor snail (Lair:4)
  6 cane toads
  9 rime drakes
  An ancient zyme (Abyss:2)
  5 komodo dragons
  4 polar bears (Lair:1)
  8 trolls
  9 blink frogs
  Prince Ribbit (D:5)
  2 raiju (Abyss:2)
  4 dream sheep (Lair:4)
  A culicivora (Lair:2)
  A jumping spider (Lair:3)
  6 slime creatures (D:12)
  2 shadows (D:11)
  2 wraiths (D:13)
  An unseen horror simulacrum (D:9)
  6 wyverns
  2 basilisks
  31 yaks
  2 fire bats (Abyss:2)
  2 fire elementals (D:14)
  13 humans (D:14)
  2 neqoxecs (Abyss:2)
  A steam dragon (Lair:3)
  3 vampire mosquitoes (D:14)
  Edmund (D:6)
  3 wargs
  An acid dragon (D:11)
  7 water moccasins
  Duvessa (D:5)
  6 hell hounds
  A sky beast (D:7)
  An ice beast (D:5)
  37 orc warriors
  7 black bears
  5 boggarts (D:14)
  6 ogres
  6 wolves
  8 centaurs
  2 phantoms (D:6)
  6 kobold brigands
  Blork the orc (D:4)
  7 bullfrogs
  4 gnoll sergeants
  3 small abominations (Abyss:2)
  2 scorpions
  A wight (D:9)
  Dowan (D:5)
  5 killer bees
  3 howler monkeys (D:9)
  2 quasits
  5 hounds
  22 orc priests
  A gnoll bouda (D:9)
  A sleepcap (D:7)
  Ijyb (D:5)
  Jessica (D:2)
  6 iguanas
  34 orc wizards
  Terence (D:2)
  Natasha (D:2)
  17 hell rats
  Robin (D:2)
  20 gnolls
  6 adders
  5 river rats
  4 shadow imps
  4 white imps
  2 ufetubi (D:5)
  3 dart slugs
  90 orcs
  12 ball pythons
  12 bats
  8 endoplasms
  2 giant cockroaches
  19 goblins
  5 hobgoblins
  4 jackals (D:3)
  4 quokkas
  A frilled lizard (D:2)
  25 kobolds
  15 rats
  A lurking horror (Abyss:2)
649 creatures vanquished.

Vanquished Creatures (others)
  4 orc wizards
  2 starspawn tentacles (Abyss:2)
6 creatures vanquished.

Grand Total: 655 creatures vanquished

Notes
Turn   | Place    | Note
-------+----------+-------------------------------------------
     0 | D:1      | Peloso the Minotaur Fighter began the quest for the Orb.
     0 | D:1      | Reached XP level 1. HP: 19/19 MP: 0/0
    88 | D:1      | Reached XP level 2. HP: 27/27 MP: 1/1
   646 | D:1      | Reached XP level 3. HP: 33/33 MP: 2/2
   693 | D:2      | Noticed Jessica
   704 | D:2      | Killed Jessica
   898 | D:2      | Reached XP level 4. HP: 40/40 MP: 3/3
   953 | D:2      | Noticed Terence
   966 | D:2      | Killed Terence
  1072 | D:2      | Noticed Robin
  1079 | D:2      | Reached skill level 1 in Dodging
  1099 | D:2      | Killed Robin
  1190 | D:2      | Noticed Natasha
  1202 | D:2      | Killed Natasha
  1203 | D:2      | Reached XP level 5. HP: 37/47 MP: 4/4
  1490 | D:2      | Found a runed translucent door.
  1491 | D:2      | Noticed Crazy Yiuf
  1572 | D:3      | Found a faded altar of an unknown god.
  1703 | D:3      | Found a white marble altar of Elyvilon.
  1927 | D:3      | Reached skill level 5 in Long Blades
  1991 | D:3      | Reached skill level 5 in Armour
  2442 | D:4      | Noticed Blork the orc
  2454 | D:4      | Killed Blork the orc
  2455 | D:4      | Reached XP level 6. HP: 17/53 MP: 5/5
  2659 | D:4      | Got Xabasey's Annotations on Haze
  3020 | D:4      | Reached XP level 7. HP: 51/60 MP: 6/6
  3161 | D:5      | Entered Level 5 of the Dungeon
  3304 | D:5      | Reached skill level 5 in Fighting
  3412 | D:5      | Found a shimmering altar of Xom.
  3412 | D:5      | Found a faded altar of an unknown god.
  3420 | D:5      | Found an ornate altar of the Wu Jian Council.
  3422 | D:5      | Found a shimmering blue altar of Sif Muna.
  3423 | D:5      | Found a basalt altar of Yredelemnul.
  3456 | D:5      | Noticed Prince Ribbit
  3474 | D:5      | Killed Prince Ribbit
  3535 | D:5      | Reached XP level 8. HP: 69/69 MP: 7/7
  3611 | D:5      | Noticed Ijyb
  3628 | D:5      | Killed Ijyb
  3633 | D:5      | Noticed Dowan
  3656 | D:5      | Reached skill level 5 in Shields
  3673 | D:5      | Killed Dowan
  3749 | D:5      | Noticed Duvessa
  3764 | D:5      | Killed Duvessa
  4147 | D:6      | HP: 2/70 [orc warrior/+0 flail (2)]
  4218 | D:6      | Found Qaesuhiwie's Weapon Emporium.
  4319 | D:6      | Found Udyet's Distillery.
  4342 | D:6      | Reached skill level 1 in Stealth
  4385 | D:6      | Reached XP level 9. HP: 71/77 MP: 8/8
  4439 | D:6      | Noticed crompyre's ghost (novice FoFi)
  4439 | D:6      | Noticed Edmund
  4441 | D:6      | Found Uvvuzun's Weapon Boutique.
  4467 | D:6      | Killed Edmund
  4549 | D:6      | Found a runed translucent door.
  5212 | D:7      | Found a staircase to the Ecumenical Temple.
  5229 | D:7      | Reached skill level 10 in Long Blades
  5254 | Temple   | Entered the Ecumenical Temple
  5299 | D:7      | Got the Disquisition on the Congregation and Reconstruction
  5866 | D:8      | Found Bipisuc's Mass Market.
  6050 | D:8      | Reached XP level 10. HP: 47/86 MP: 9/9
  6348 | D:9      | Found an opulent altar of Gozag.
  6349 | D:9      | Found an ancient bone altar of Kikubaaqudgha.
  6350 | D:9      | Found a large runed translucent door.
  6350 | D:9      | Found a large runed translucent door.
  6401 | D:9      | Noticed a two-headed ogre
  6411 | D:9      | Killed a two-headed ogre
  6412 | D:9      | Reached skill level 10 in Armour
  6532 | D:9      | Found a sparkling altar of Nemelex Xobeh.
  6587 | D:9      | Found a large runed translucent door.
  6587 | D:9      | Found a large runed translucent door.
  6602 | D:9      | Noticed a deep elf pyromancer
  6614 | D:9      | Killed a deep elf pyromancer
  6682 | D:9      | Noticed a gargoyle
  6763 | D:9      | Noticed a moth of wrath
  6859 | D:9      | Found an iron altar of Okawaru.
  6909 | D:9      | Killed a gargoyle
  6918 | D:9      | Became a worshipper of Warmaster Okawaru
  7142 | D:9      | Noticed a manticore
  7158 | D:9      | Reached XP level 11. HP: 99/99 MP: 10/10
  7199 | D:10     | Entered Level 10 of the Dungeon
  7568 | D:10     | Identified the +5 scale mail of Nice the Leaf {rPois rC-
                  | Int+6}
  7653 | D:10     | Found a staircase to the Orcish Mines.
  7755 | D:10     | Found a staircase to the Lair.
  7756 | D:10     | Noticed a death yak
  7756 | D:10     | Noticed a death yak
  7758 | D:10     | Noticed a death yak
  7780 | D:10     | Killed a death yak
  7780 | D:10     | Reached * piety under Okawaru
  7927 | D:10     | Killed a death yak
  7928 | D:10     | Reached skill level 10 in Fighting
  8009 | D:10     | Killed a death yak
  8270 | D:11     | Found a portal to a secret trove of treasure.
  8430 | D:11     | Noticed a two-headed ogre
  8439 | D:11     | Killed a two-headed ogre
  8496 | D:11     | Identified the +4 ring mail of Henotheism {rPois Str+5}
  8662 | D:11     | Reached ** piety under Okawaru
  8699 | D:11     | Noticed a boulder beetle
  8736 | D:11     | Killed a boulder beetle
  9174 | D:11     | You fall into a shaft and drop 1 floor!
  9298 | D:12     | Noticed a white ugly thing
  9313 | D:12     | Killed a white ugly thing
  9336 | D:12     | Reached *** piety under Okawaru
  9796 | D:12     | Reached XP level 12. HP: 29/111 MP: 11/11
 10273 | Lair:1   | Entered Level 1 of the Lair of Beasts
 10437 | Lair:1   | Noticed a six-headed hydra
 10660 | D:13     | Noticed a tengu warrior
 10674 | D:13     | Killed a tengu warrior
 10730 | D:13     | Reached **** piety under Okawaru
 10794 | D:13     | Noticed Rupert
 10902 | Orc:1    | Entered Level 1 of the Orcish Mines
 10920 | Orc:1    | Reached skill level 1 in Invocations
 11115 | Orc:2    | Entered Level 2 of the Orcish Mines
 11115 | Orc:2    | Found a staircase to the Elven Halls.
 11714 | Orc:2    | Found Tuergherakk's Magic Scroll Shop.
 11894 | Orc:2    | Noticed an orc warlord
 11947 | Orc:2    | Killed an orc warlord
 12045 | Orc:2    | Noticed an orc high priest
 12091 | Orc:2    | Killed an orc high priest
 12092 | Orc:2    | Reached skill level 10 in Shields
 12133 | Orc:2    | Found Qicoeghe's Antique Weapon Shoppe.
 12137 | Orc:2    | Found Biustekk's Antique Armour Emporium.
 12217 | Orc:2    | Reached skill level 15 in Long Blades
 12227 | Orc:2    | Found Bihuygro's Weapon Shoppe.
 12390 | Orc:1    | Noticed an orc warlord
 12417 | Orc:1    | Reached ***** piety under Okawaru
 12516 | Orc:2    | Killed an orc warlord
 12517 | Orc:2    | Reached skill level 1 in Evocations
 12520 | Orc:2    | Reached XP level 13. HP: 30/119 MP: 11/13
 13225 | D:13     | Identified the +3 chain mail of the Boiling Point {rPois
                  | rN+ MP+9}
 13350 | D:13     | Found a basalt altar of Yredelemnul.
 13990 | Lair:1   | Received a gift from Okawaru
 14301 | Lair:1   | Noticed Sonja
 14308 | Lair:1   | Killed Sonja
 14898 | Lair:2   | Reached skill level 5 in Dodging
 14942 | Lair:2   | Reached skill level 15 in Armour
 15079 | Lair:2   | Identified the +0 robe of Asasifuv {-Tele Harm SInv
                  | Archmagi}
 15277 | Lair:2   | Identified the +1 great sword of Ziblit {freeze, Int+4}
                  | (Okawaru gifted it to you on level 2 of the Lair of Beasts)
 15277 | Lair:2   | Received a gift from Okawaru
 15595 | Lair:3   | Found a hole to the Spider Nest.
 15621 | Lair:2   | HP: 1/122 [wolf spider (8)]
 16239 | Lair:3   | Found a staircase to the Shoals.
 16981 | Lair:4   | Reached ****** piety under Okawaru
 17233 | Lair:5   | Entered Level 5 of the Lair of Beasts
 17233 | Lair:5   | Found an opulent altar of Gozag.
 17252 | Lair:4   | Received a gift from Okawaru
 17843 | D:14     | Reached XP level 14. HP: 132/132 MP: 14/14
 17982 | D:14     | Identified the +2 pair of gloves of Nobility {rC+ rN+}
                  | (Okawaru gifted it to you on level 14 of the Dungeon)
 17982 | D:14     | Received a gift from Okawaru
 18347 | D:14     | Reached skill level 15 in Fighting
 18627 | D:14     | Noticed Azrael
 18780 | D:14     | Killed Azrael
 18963 | D:14     | Found a snail-covered altar of Cheibriados.
 19343 | Abyss:2  | Cast into level 2 of the Abyss (a wizard)
 19417 | Abyss:2  | Found a corrupted altar of Lugonu.
 19467 | Abyss:2  | Noticed a tentacled starspawn
 19475 | Abyss:2  | Killed a tentacled starspawn
 19622 | Abyss:2  | HP: 6/133 [burnt (1)]
 19622 | Abyss:2  | HP: 2/133 [smoke demon (5)]
 19623 | Abyss:2  | Killed from afar by an eidolon

Illustrated notes

Levels and vault maps discovered:
D:1:      minmay_arrival_shattered_statue, layout_rooms
D:2:      layout_loops_ring, uniq_jessica, uniq_robin, uniq_crazy_yiuf_cottage,
          uniq_terence, uniq_natasha
D:3:      layout_rooms, elyvilon_altar_5, hellmonk_ecumenical_altar_blasted,
          minmay_misc_feat_encased, minmay_misc_feat_roman, grunt_ministairs_14,
          chequers_serial_rivers_large_b
D:4:      layout_loops_ring, uniq_blork_the_orc
D:5:      layout_basic, chequers_temple_overflow_minitemple, uniq_ijyb,
          uniq_prince_ribbit1, uniq_duvessa
D:6:      layout_basic, serial_demonic, serial_demonic_d, serial_demonic_d,
          serial_demonic_a, serial_demonic_b, hellmonk_ghost_happy_afterlife,
          serial_shops, shop, nicolae_diamond_shop, shop_fountains, uniq_edmund
D:7:      layout_basic, minmay_temple_entry_offerings
D:8:      layout_rooms, minmay_shop_mass
D:9:      layout_cave_pools, nemelex_diamond_rough_becter,
          gammafunk_temple_overflow_forgotten, minmay_hollow_rounded_squares
D:10:     layout_basic, dpeg_lair_monsters, orc_0_dummy
D:11:     layout_stronghold, nicolae_trove_entry_crystal, nzn_sisyphean_effort
D:12:     layout_long_grid
D:13:     layout_roguey, lemuel_zombie_altar_yredelemnul, uniq_rupert
D:14:     layout_roguey [special_room_mythical_zoo], grunt_vaults_entry_tiered,
          lemuel_tele_altar, minmay_misc_feat_cross, uniq_azrael
Temple:   nicolae_temple_ecumenical_triangle
Lair:1:   beast_lair_carwin_large_1, layout_misc_corridors,
          kennysheep_abandoned_house, infiniplex_staircase_pool_2, uniq_sonja
Lair:2:   layout_cave_pods
Lair:3:   layout_hall_layers, nicolae_shoals_entry_flooding,
          spider_nest_entry_funnel_web
Lair:4:   layout_misc_corridors
Lair:5:   evilmike_catoblepas_cave, layout_cave_pods, slime_entry_1,
          basic_altar, uniq_snorg
Orc:1:    layout_caves
Orc:2:    grunt_orc_community_town_hall, layout_caves,
          grunt_orc_community_big_house_1, grunt_orc_community_big_house_2,
          grunt_orc_community_house_2, grunt_orc_community_house_2,
          grunt_orc_community_house_3, grunt_orc_community_house_2
Abyss:2:  base: D:12, evilmike_abyss_exit_7

Skill      XL: |  1  2  3  4  5  6  7  8  9 10 11 12 13 14 |
---------------+-------------------------------------------+-----
Armour         | 4 5 6 7 8 9 10 12 14 15 16 | 16.6
Fighting       | 4 5 6 7 9 11 12 14 15 | 15.7
Shields        | 4 5 6 8 10 11 12 | 12.8
Long Blades    | 3 4 5 6 7 9 11 12 14 15 16 | 16.5
Dodging        | 1 2 3 4 6 |  6.9
Stealth        | 1 2 |  2.4
Invocations    | 1 2 3 |  3.0
Evocations     | 1 |  1.2

Action                     |  1- 3 |  4- 6 |  7- 9 | 10-12 | 13-15 || total
---------------------------+-------+-------+-------+-------+-------++-------
  Melee: Long sword        |    78 |   182 |   318 |   372 |   710 ||  1660
         Headbutt          |     8 |    20 |    90 |   210 |   236 ||   564
         Demon blade       |       |       |   120 |   538 |       ||   658
         Scimitar          |       |       |       |       |   191 ||   191
 Invoke: Heroism           |       |       |       |    10 |    16 ||    26
  Evoke: Wand              |       |       |     4 |     7 |     1 ||    12
    Use: Potion            |     2 |     2 |     3 |     4 |     5 ||    16
         Scroll            |       |     3 |    11 |    10 |     6 ||    30
   Stab: Invisible         |     1 |       |     2 |     5 |       ||     8
         Paralysed         |       |       |       |       |     2 ||     2
 Armour: Scale mail        |    50 |   100 |   145 |       |       ||   295
         Plate armour      |       |       |    64 |   442 |    36 ||   542
         Chain mail        |       |       |       |       |   455 ||   455
  Dodge: Dodged            |    48 |   111 |   187 |   293 |   374 ||  1013
  Block: Buckler           |    19 |    39 |    86 |   221 |   256 ||   621
